 Dungeon Crawl Stone Soup version 0.32-a0-120-gfac0567ad4 (webtiles) character file.

Game seed: 12509639710090532998

7591 jasper the Destroyer (level 10, -5/61 HPs)
             Began as a Deep Elf Cinder Acolyte on Feb 6, 2024.
             Was an Elder of Ignis.
             Slain by a yak (6 damage)
             ... on level 10 of the Dungeon.
             The game lasted 00:17:01 (9623 turns).

jasper the Destroyer (Deep Elf Cinder Acolyte)      Turns: 9623, Time: 00:17:02

Health: -5/61      AC: 19    Str: 11    XL:     10   Next: 97%
Magic:  5/19       EV: 12    Int: 30    God:    Ignis [****..]
Gold:   465        SH:  0    Dex: 10    Spells: 3/19 levels left

rFire   + + .        q - staff of fire
rCold   . . .        (no shield)
rNeg    . . .        h - +0 ring mail
rPois   .            E - +0 helmet
rElec   .            s - +2 cloak
rCorr   +            (no gloves)
SInv    .            l - +0 pair of boots
Will    +....        (no amulet) Stlth
                     i - +6 ring of intelligence
HPRegen 0.30/turn    A - ring of resist corrosion
MPRegen 0.16/turn

%: no passive effects
@: fiery-armoured
A: no striking features
a: Renounce Religion, Fiery Armour, Foxfire Swarm


You were on level 10 of the Dungeon.
You worshipped Ignis.
Ignis was greatly pleased with you.
You visited 1 branch of the dungeon, and saw 10 of its levels.

You collected 465 gold pieces.

Inventory:

Hand Weapons
 a - a -1 spear of flaming
 e - a +2 dagger of venom
Missiles
 n - 16 poisoned darts
Armour
 b - a +0 robe
 h - a +0 ring mail (worn)
 l - a +0 pair of boots (worn)
 s - a +2 cloak (worn)
 E - a +0 helmet (worn)
Magical Staves
 q - a staff of fire (weapon)
 r - a staff of cold
Jewellery
 i - a +6 ring of intelligence (left hand)
 y - an amulet of guardian spirit
 A - a ring of resist corrosion (right hand)
Wands
 k - a wand of paralysis (28)
 z - a wand of flame (20)
Scrolls
 m - 2 scrolls of teleportation
 o - 2 scrolls of vulnerability
 u - a scroll of immolation
 x - a scroll of fear
 D - a scroll of enchant weapon {unknown}
Potions
 c - 2 potions of might
 d - 3 potions of heal wounds
 f - 2 potions of lignification
 g - a potion of degeneration {unknown}
 j - 2 potions of brilliance
 p - 5 potions of curing
 t - a potion of enlightenment {unknown}
 v - 2 potions of berserk rage {unknown}
 w - 2 potions of resistance {unknown}
 B - a potion of invisibility {unknown}
 C - a potion of haste {unknown}


   Skills:
 + Level 6.7 Fighting
 - Level 2.1 Polearms
 + Level 6.0 Armour
 + Level 8.7 Dodging
 - Level 5.0 Spellcasting
 - Level 9.0 Conjurations
 - Level 4.0 Translocations
 - Level 5.0 Fire Magic
 - Level 4.1 Alchemy


You had 3 spell levels left.
You knew the following spells:

 Your Spells              Type           Power      Damage    Failure   Level
a - Scorch                Fire           100%       2d9       2%          2
b - Fulminant Prism       Conj/Alch      23%        3d12      9%          4
c - Iskenderun's Mystic   Conj/Tloc      46%        2d10      9%          4
d - Mephitic Cloud        Conj/Alch/Air  33%        N/A       6%          3
e - Stone Arrow           Conj/Erth      68%        3d11      6%          3

Your spell library contained the following spells:

 Spells                   Type           Power      Damage    Failure   Level
 Sting                    Conj/Alch      100%       1d9       1%          1
 Apportation              Tloc           62%        N/A       2%          1
 Dazzling Flash           Conj/Hex       68%        N/A       6%          3
 Volatile Blastmotes      Fire/Tloc      100%       2d18      6%          3
 Cigotuvi's Dreadful Rot  Necr/Alch/Air  30%        N/A       11%         2
 Necrotise                Necr           28%        1d5       12%         1
 Sandblast                Erth           14%        2d6       12%         1
 Summon Small Mammal      Summ           28%        N/A       12%         1
 Passwall                 Erth           7%         N/A       36%         3
 Brom's Barrelling Bould  Conj/Erth      34%        2d5       19%         4
 Starburst                Conj/Fire      32%        6d10      71%         6
 Dispel Undead            Necr           7%         3d8       77%         4
 Martyr's Knell           Necr/Summ      7%         N/A       77%         4
 Curse of Agony           Necr           7%         N/A       98%         5
 Silence                  Hex/Air        3%         N/A       98%         5
 Death Channel            Necr           3%         N/A       100%        6
 Summon Cactus Giant      Summ           3%         N/A       100%        6


Dungeon Overview and Level Annotations

Branches:
Dungeon (10/15)            Temple (0/1) D:6
   Lair: D:8-11         Orc: D:9-12

Altars:
Dithmenos
Elyvilon
Hepliaklqana
Kikubaaqudgha
Ru
Sif Muna
Trog
Zin

Shops:
D:6 (

Annotations:
D:7 1 runed translucent door, Newt's ghost, novice MfGl
D:8 Maggie


Message History

The yak is heavily wounded.
You hit the yak but do no damage.
The yak is heavily wounded.
The yak gores you.
The yak is burned by your cloak of flames.
The yak is severely wounded.
You take 3 damage, and have 31/61 hp.
You barely miss the yak.
The yak is severely wounded.
The yak closely misses you.
You hit the yak.
The yak is severely wounded.
The yak gores you.
The yak is burned by your cloak of flames.
The yak is almost dead.
The yak gores you but does no damage.
The yak is burned by your cloak of flames.
The yak is almost dead.
You take 2 damage, and have 29/61 hp.
You barely miss the yak.
The yak is almost dead.
The yak gores you.
The yak is burned by your cloak of flames.
The yak is almost dead.
You take 6 damage, and have 23/61 hp.
You barely miss the yak.
The yak is almost dead.
The yak gores you!
* * * LOW HITPOINT WARNING * * *
You take 9 damage, and have 14/61 hp.
You hit the yak but do no damage.
The yak is almost dead.
The yak gores you but does no damage.
The yak is burned by your cloak of flames.
You kill the yak!
The yak gores you!
* * * LOW HITPOINT WARNING * * *
The yak gores you.
You die...
Ignis goes out, and joins you in death.

. .. ...## ###
.........
......#.###
......YYYY#
#@# #†# #.#
#.# #.# #.#
#.####
#.#######....#
........>#####


You could see 4 yaks.

Vanquished Creatures
  Grinder (D:4)
  A tarantella (shapeshifter) (D:8)
  28 yaks
  A wyvern (D:9)
  2 steam dragons
  A vampire mosquito (D:7)
  Menkaure (D:6)
  3 water moccasins (D:7)
  2 black bears (D:4)
  3 orc warriors
  2 sky beasts (D:7)
  A centaur (D:7)
  3 bullfrogs (D:7)
  2 scorpions (D:5)
  5 wights
  3 jellies
  5 hounds
  A gnoll bouda (D:7)
  4 orc priests
  Ijyb (D:3)
  5 iguanas (D:7)
  6 orc wizards
  Natasha (D:2)
  2 gnolls
  3 adders
  A shadow imp (D:7)
  2 white imps
  2 ufetubi (D:5)
  3 dart slugs
  3 ribbon worms
  33 orcs
  7 endoplasms
  2 giant cockroaches
  8 goblins
  10 hobgoblins
  2 jackals (D:2)
  5 quokkas
  6 ball pythons
  5 bats
  2 frilled lizards (D:1)
  8 kobolds
  4 rats (D:1)
  2 fulminant prisms (D:9)
192 creatures vanquished.

Vanquished Creatures (others)
  An orc wizard (D:7)
  34 fulminant prisms
35 creatures vanquished.

Grand Total: 227 creatures vanquished

Notes
Turn   | Place    | Note
-------+----------+-------------------------------------------
     0 | D:1      | jasper the Deep Elf Cinder Acolyte began the quest for the
                  | Orb.
     0 | D:1      | Reached XP level 1. HP: 13/13 MP: 5/5
     6 | D:1      | Noticed an iguana
     6 | D:1      | Noticed a wolf
     6 | D:1      | Noticed an anaconda
     7 | D:1      | Noticed a swamp worm
     7 | D:1      | Noticed a polar bear
   155 | D:1      | Reached XP level 2. HP: 18/18 MP: 6/6
   158 | D:1      | Learned a level 2 spell: Scorch
   598 | D:1      | Reached XP level 3. HP: 18/22 MP: 0/7
  1057 | D:2      | Reached skill level 5 in Fire Magic
  1192 | D:2      | Noticed Natasha
  1213 | D:2      | HP: 1/22 [cerulean imp/+0 spear[Natasha] (2)]
  1214 | D:2      | Killed Natasha
  1215 | D:2      | Reached skill level 1 in Dodging
  1215 | D:2      | Reached XP level 4. HP: 2/27 MP: 2/8
  1946 | D:3      | Noticed Ijyb
  1950 | D:3      | Killed Ijyb
  1951 | D:3      | Reached skill level 1 in Armour
  2212 | D:3      | Found a hazy altar of Hepliaklqana.
  2239 | D:3      | You fall into a shaft and drop 3 floors!
  2242 | D:6      | Noticed an orc warrior
  2254 | D:5      | Entered Level 5 of the Dungeon
  2342 | D:5      | Reached XP level 5. HP: 32/32 MP: 2/9
  2756 | D:4      | Noticed Grinder
  2760 | D:4      | Killed Grinder
  2761 | D:4      | Reached XP level 6. HP: 32/37 MP: 1/10
  3304 | D:3      | Found a faded altar of an unknown god.
  3348 | D:3      | Found a shimmering blue altar of Sif Muna.
  3712 | D:4      | Found a bloodstained altar of Trog.
  3717 | D:4      | Reached XP level 7. HP: 38/43 MP: 4/11
  4326 | D:4      | Found a shadowy altar of Dithmenos.
  4331 | D:4      | Found a white marble altar of Elyvilon.
  4406 | D:4      | Found an ancient bone altar of Kikubaaqudgha.
  4828 | D:5      | Learned a level 4 spell: Fulminant Prism
  4921 | D:5      | Learned a level 4 spell: Iskenderun's Mystic Blast
  5148 | D:5      | Reached skill level 1 in Conjurations
  5148 | D:5      | Reached skill level 1 in Translocations
  5148 | D:5      | Reached skill level 1 in Alchemy
  5662 | D:6      | Reached skill level 2 in Conjurations
  5662 | D:6      | Reached XP level 8. HP: 48/48 MP: 8/13
  5772 | D:6      | Found a staircase to the Ecumenical Temple.
  5851 | D:6      | Found Nussa's Hydra Hut.
  5852 | D:6      | Noticed Menkaure
  5856 | D:6      | Killed Menkaure
  5859 | D:6      | Noticed a seven-headed hydra
  6085 | D:7      | Reached skill level 3 in Conjurations
  6215 | D:7      | Found a runed translucent door.
  6331 | D:7      | Reached skill level 4 in Conjurations
  6440 | D:7      | Noticed Newt's ghost (novice MfGl)
  6636 | D:7      | Learned a level 3 spell: Mephitic Cloud
  6689 | D:7      | Learned a level 3 spell: Stone Arrow
  6716 | D:7      | Reached skill level 5 in Spellcasting
  6876 | D:7      | Found a glowing silver altar of Zin.
  6885 | D:7      | Reached skill level 5 in Conjurations
  6885 | D:7      | Reached XP level 9. HP: 52/52 MP: 13/18
  6990 | D:7      | Reached skill level 7 in Conjurations
  7417 | D:7      | Reached skill level 8 in Conjurations
  7495 | D:7      | Got the Encyclopedia of Well-Done Adjuration
  7752 | D:8      | Found a sacrificial altar of Ru.
  7764 | D:8      | Reached skill level 9 in Conjurations
  7764 | D:8      | Reached skill level 5 in Dodging
  7774 | D:8      | Noticed a meliai
  7777 | D:8      | Noticed Maggie
  8253 | D:9      | Reached skill level 5 in Fighting
  8269 | D:9      | Reached XP level 10. HP: 28/59 MP: 3/19
  9009 | D:9      | Reached skill level 5 in Armour
  9563 | D:10     | Entered Level 10 of the Dungeon
  9623 | D:10     | HP: 1/61 [yak (13)]
  9623 | D:10     | Slain by a yak

Illustrated notes

Levels and vault maps discovered:
D:1:      onia_arrival_zoo_common, layout_basic, st_stairs_3, minmay_domino_4
D:2:      layout_basic, uniq_natasha
D:3:      minmay_goblin_kobold_castle, layout_loops_ring,
          mainiacjoe_overflow_tiny_flanked, mainiacjoe_overflow_24_doors,
          nicolae_ecumenical_lake_church, uniq_ijyb
D:4:      layout_basic, amethyst_overflow_temple_binary, trog_ov_bears_minmay,
          kiku_gazebo_pond_becter, uniq_grinder
D:5:      layout_basic, grunt_decor_arrowhead
D:6:      layout_cave_pools, minmay_temple_entry_hall, wad_floor_pattern_1,
          doesnt_shop_hydraphobe, uniq_menkaure
D:7:      minmay_clustersquares, layout_cave_pools, zin_statuary,
          gammafunk_ghost_grave
D:8:      layout_rooms, nicolae_ru_awakened_eye, minmay_manual_mail, uniq_maggie
D:9:      layout_long_grid, nicolae_overflow_hidden_temple, eino_tiny_chamber,
          library_closet, minmay_variable_closet
D:10:     layout_basic, xom_teletrap_fun, erik_lair_dragon, enter_bailey_2,
          kennysheep_cluttered_room, minivault_16, minivault_20

Skill      XL: |  1  2  3  4  5  6  7  8  9 10 |
---------------+-------------------------------+-----
Fire Magic     | 4 5 |  5.0
Dodging        | 1 2 3 4 6 8 |  8.7
Armour         | 1 2 3 4 6 |  6.0
Fighting       | 3 4 5 6 |  6.7
Spellcasting   | 2 5 |  5.0
Conjurations   | 2 5 9 |  9.0
Translocations | 2 4 |  4.0
Alchemy        | 2 4 |  4.1
Polearms       | |  2.1

Action                     |  1- 3 |  4- 6 |  7- 9 | 10-12 || total
---------------------------+-------+-------+-------+-------++-------
  Melee: Spear             |    54 |       |       |       ||    54
         Dagger            |    12 |    24 |     5 |       ||    41
         Punch             |     2 |     3 |     2 |     4 ||    11
         Staff             |       |       |    46 |    40 ||    86
   Cast: Scorch            |    27 |    55 |   141 |     4 ||   227
         Fulminant Prism   |       |       |     8 |    28 ||    36
         Mephitic Cloud    |       |       |     1 |     2 ||     3
         Iskenderun's Myst |       |       |       |     1 ||     1
         Stone Arrow       |       |       |       |     1 ||     1
 Invoke: Fiery Armour      |     2 |       |     1 |     2 ||     5
         Rising Flame      |       |       |     1 |       ||     1
  Evoke: Wand              |       |       |     8 |     6 ||    14
    Use: Scroll            |     4 |     6 |     6 |       ||    16
   Stab: Paralysed         |       |       |     5 |       ||     5
         Confused          |       |       |       |     2 ||     2
 Armour: Robe              |    45 |       |       |       ||    45
         Ring mail         |       |    36 |   108 |    28 ||   172
  Dodge: Dodged            |    34 |    26 |    54 |    23 ||   137

Table legend: (Time is in decaauts)
 A = Elapsed time spent in this place.
 B = Non-inter-level travel time spent in this place.
 C = Inter-level travel time spent in this place.
 D = Time resting spent in this place.
 E = Time spent auto-exploring this place.
 F = Levels seen in this place.
 G = Mean time per level.
                   A        B        C        D        E       F      G
               +--------+--------+--------+--------+--------+-----+--------+
         Total |   9640 |   9252 |    388 |   1170 |   6804 |  10 |  964.0 |
       Dungeon |   9640 |   9252 |    388 |   1170 |   6804 |  10 |  964.0 |
               +--------+--------+--------+--------+--------+-----+--------+

Top non-repeatable levels by time:
     D:9: 1554 daAuts
     D:7: 1379 daAuts
     D:4: 1191 daAuts
     D:5: 1142 daAuts
     D:6: 1055 daAuts
     D:3: 1048 daAuts
     D:2: 1039 daAuts
     D:1: 899 daAuts
     D:8: 266 daAuts
    D:10: 62 daAuts
